 Dungeon Crawl Stone Soup version 0.17.1-2-g5865329 (webtiles) character file.

8111 Gobser the Cleaver (level 11, -1/83 HPs)
             Began as a Demonspawn Abyssal Knight on Jan 17, 2016.
             Was a High Priest of Lugonu.
             Slain by an orc knight
             ... wielding a +0 battleaxe
              (32 damage)
             ... on level 4 of the Orcish Mines.
             The game lasted 01:15:47 (10112 turns).

Gobser the Cleaver (Demonspawn Abyssal Knight)     Turns: 10112, Time: 01:15:47

Health: -1/83      AC: 30    Str: 21    XL:     11   Next: 5%
Magic:  16/16      EV:  9    Int: 13    God:    Lugonu [*****.]
Gold:   830        SH:  7    Dex: 13    Spells: 3 memorised, 4 levels left

rFire  . . .     SeeInvis +     P - +2 war axe (freeze)
rCold  . . .     Clarity  .     R - +10 plate armour {ponderous}
rNeg   + . .     SustAt   .     p - +2 buckler
rPois  .         Gourm    .     (helmet restricted)
rElec  .         Spirit   .     (no cloak)
rCorr  .         Warding  .     e - +0 pair of gloves
rMut   .         Stasis   .     (no boots)
MR     .....                    l - amulet of regeneration
Stlth  ..........               s - ring of positive energy
                                t - ring of see invisible

@: mighty, slow, not resistant to hostile enchantments, extremely unstealthy
A: antennae 2, iridescent scales 2, demonic guardian 2, foul stench 1, rot
immunity
a: Depart the Abyss, Bend Space, Banish, Corrupt, Enter the Abyss, Renounce
Religion


You were on level 4 of the Orcish Mines.
You worshipped Lugonu.
Lugonu was extremely pleased with you.
You were not hungry.

You visited 2 branches of the dungeon, and saw 13 of its levels.
You visited the Abyss 1 time.
You also visited: Sewer.

You collected 1296 gold pieces.
You spent 466 gold pieces at shops.

Inventory:

Hand Weapons
 a - a +6 hand axe
 q - a +0 hand axe of venom
 H - a +0 flail of draining
 I - the +1 long sword of a treasure trove {speed, rC+ Str+2}
   (You found it on level 9 of the Dungeon)

   Attacks with this weapon are significantly faster.
   It affects your strength (+2).
   It protects you from cold.
 J - a +0 arbalest of flaming
 P - a +2 war axe of freezing (weapon)
Missiles
 f - 234 stones (quivered)
 Q - 10 bolts
Armour
 b - a +0 leather armour
 e - a +0 pair of gloves (worn)
 i - a +0 chain mail
 k - a +0 ring mail
 m - a +0 scale mail
 p - a +2 buckler (worn)
 D - a +0 helmet
 E - a +0 plate armour
 R - a +10 plate armour of ponderousness (worn)
Jewellery
 j - an uncursed ring of protection from fire
 l - an amulet of regeneration (around neck)
 o - a +3 ring of intelligence
 s - a ring of positive energy (right hand)
 t - a ring of see invisible (left hand)
 v - an uncursed ring of fire
 A - an uncursed ring of poison resistance {unknown}
Wands
 u - a wand of disintegration (2)
 y - a wand of lightning (5)
 F - a wand of draining (4)
 G - a wand of paralysis (12)
Scrolls
 n - a scroll of teleportation
 B - 2 scrolls of amnesia
 N - a scroll of fog
Potions
 K - a potion of flight
Books
 w - a book of Frost

   Spells                             Type                      Level
   a - Freeze                         Ice                          1
   b - Throw Frost                    Conjuration/Ice              2
   c - Ozocubu's Armour               Charms/Ice                   3
   d - Throw Icicle                   Conjuration/Ice              4
   e - Summon Ice Beast               Ice/Summoning                4
   f - Condensation Shield            Ice                          4
 z - a book of Summonings

   Spells                             Type                      Level
   a - Recall                         Summoning/Translocation      3
   b - Aura of Abjuration             Summoning                    5
   c - Shadow Creatures               Summoning                    5
   d - Summon Demon                   Summoning                    5
   e - Summon Forest                  Summoning/Translocation      5
   f - Summon Mana Viper              Hexes/Summoning              5
 L - a book of Conjurations

   Spells                             Type                      Level
   a - Magic Dart                     Conjuration                  1
   b - Searing Ray                    Conjuration                  2
   c - Dazzling Spray                 Conjuration/Hexes            3
   d - Fulminant Prism                Conjuration/Hexes            4
   e - Iskenderun's Mystic Blast      Conjuration                  4
   f - Iskenderun's Battlesphere      Conjuration/Charms           5
Comestibles
 c - 6 bread rations
 d - 6 beef jerkies
 g - 3 meat rations
 h - a royal jelly
 r - 4 fruits
 O - a slice of pizza


   Skills:
 + Level 6.4 Fighting
 * Level 1.2 Long Blades
 + Level 8.3 Axes
 + Level 0.1 Throwing
 * Level 7.5 Armour
 * Level 5.7 Dodging
 - Level 0.4 Stealth
 * Level 6.1 Shields
 - Level 0.5 Spellcasting
 - Level 1.0 Ice Magic
 * Level 6.8 Invocations
 + Level 1.7 Evocations


You had 4 spell levels left.
You knew the following spells:

 Your Spells              Type           Power        Failure   Level  Hunger
a - Freeze                Ice            #...         100%        1    ##.....
b - Condensation Shield   Ice            #.........   100%        4    #####..
c - Throw Frost           Conj/Ice       #.....       100%        2    ###....


Dungeon Overview and Level Annotations

Branches:
Dungeon (9/15)             Temple (0/1) D:7             Orc (4/4) D:9
   Lair: D:8-11         Elf: Orc:3-4

Altars:
Elyvilon
Fedhas
Gozag
Okawaru
Sif Muna
Trog
Vehumet
The Shining One
Beogh

Shops:
D:4 *   D:5 %   D:7 !   D:9 (?*   Orc:2 =

Annotations:
D:7 corrupted
Orc:1 corrupted


Innate Abilities, Weirdness & Mutations

You have a pair of antennae on your head.
You are mostly covered in iridescent scales (AC +6).
A demonic guardian rushes to your aid.
You may emit foul miasma when damaged in melee.
You are immune to rotting.


Message History

An orc comes into view. It is wielding a short sword.
Your sixfirhy disappears in a puff of smoke!
The orc warrior hits you from afar with a glaive!
Your sun demon hits the orc warrior!!
The orc warrior is engulfed in flames!
The orc warrior dies!
Lugonu accepts your kill.
Found a roughly hewn altar of Beogh.
An orc comes into view. It is wielding a morningstar.
An orc comes into view. It is wielding a whip.
You block the orc knight's attack.
The orc knight hits your sun demon with a battleaxe.
Your sun demon hits the orc knight!!
The orc knight is engulfed in flames!
Send 'em back where they came from!
Your sun demon disappears in a puff of smoke!
Your plate armour prevents you from hitting the orc knight.
The orc knight is heavily wounded.
Your plate armour prevents you from hitting the orc warlord.
You closely miss the blue devil.
The orc knight hits you with a battleaxe!!
You die...

....## ....#.
......
.o....#######
.....oo.8...## #
.....o.o.)[).#.##
._.o.4o4ยง.)$<...#
...o.oo@.)).....#
........8......##
......#####.....#
...... .###..#
....# #. ...# ....
## #.## ... ## ..


You could see an orc warlord, an orc knight (frenzied), an orc high priest
(frenzied), a rust devil, a blue devil, an orc sorcerer (frenzied), 3 orc
warriors and 3 orcs.

Vanquished Creatures
  An orc knight (Orc:4)
  Maurice (D:8)
  2 trolls
  A wyvern (D:8)
  A warg (Orc:2)
  A water moccasin (D:6)
  6 ogres
  A sky beast (D:5)
  8 orc warriors
  3 phantoms (D:9)
  7 giant frogs
  2 big kobolds
  2 scorpions
  A troll zombie (D:9)
  A wyvern skeleton (D:9)
  3 crimson imps
  10 orc priests
  2 wasp zombies
  A jelly (D:5)
  A centaur skeleton (D:6)
  A hound (D:5)
  2 iguanas (D:8)
  2 worker ants
  20 orc wizards
  4 ogre zombies (D:9)
  2 hound skeletons
  A gnoll (D:8)
  A river rat (Sewer)
  10 adders
  A shadow imp (D:3)
  3 oozes
  2 adder skeletons (D:8)
  2 giant geckos (D:2)
  77 orcs
  9 bats
  3 giant cockroaches
  9 hobgoblins
  11 jackals
  16 kobolds
  5 giant newts
  7 goblins
  A goblin skeleton (D:9)
  4 goblin zombies (D:9)
  3 hobgoblin skeletons (D:9)
  A hobgoblin zombie (D:9)
  An orc skeleton (D:9)
  10 orc zombies (D:9)
  2 quokkas
  8 rats
  A bush (D:2)
  A fungus (D:4)
275 creatures vanquished.

Vanquished Creatures (collateral kills)
  An orc warlord (Orc:3)
  The ghost of SirMumm the Destroyer, a journeyman DEWz of Vehumet (Orc:3)
  A cyclops (Orc:2)
  2 orc sorcerers
  10 orc warriors
  3 ogres
  A sky beast (D:5)
  2 troll zombies (D:9)
  A hound (D:6)
  2 orc priests
  3 orc wizards
  An ogre zombie (D:9)
  10 orcs
  A hobgoblin skeleton (D:9)
  4 orc zombies (D:9)
43 creatures vanquished.

Vanquished Creatures (others)
  4 orc warriors (Orc:1)
  An ogre (D:7)
  A giant frog (D:7)
  5 orc wizards (Orc:1)
  2 orc priests (Orc:1)
  An iguana (D:7)
  18 orcs (Orc:1)
  A giant newt (D:7)
  2 plants
  5 starspawn tentacles (Orc:1)
  89 starspawn tentacle segments (Orc:1)
129 creatures vanquished.

Grand Total: 447 creatures vanquished

Notes
Turn   | Place    | Note
--------------------------------------------------------------
     0 | Abyss:1  | Gobser the Demonspawn Abyssal Knight began the quest for the Orb.
     0 | Abyss:1  | Reached XP level 1. HP: 18/18 MP: 2/2
    10 | D:1      | Escaped the Abyss
    52 | D:1      | Reached * piety under Lugonu
   384 | D:1      | Gained mutation: You are immune to rotting. [demonic ancestry]
   384 | D:1      | Reached XP level 2. HP: 20/24 MP: 3/3
   440 | D:1      | Reached skill level 1 in Dodging
   948 | D:1      | Gained mutation: A weak demonic guardian rushes to your aid. [demonic ancestry]
   948 | D:1      | Reached XP level 3. HP: 30/30 MP: 5/5
  1309 | D:2      | Reached skill level 4 in Fighting
  1318 | D:2      | Gained mutation: You are partially covered in iridescent scales (AC +4). [demonic ancestry]
  1318 | D:2      | Reached XP level 4. HP: 14/37 MP: 6/6
  1930 | D:3      | Reached ** piety under Lugonu
  2039 | D:3      | Gained mutation: You have a pair of small antennae on your head. [demonic ancestry]
  2039 | D:3      | Reached XP level 5. HP: 40/42 MP: 7/7
  2399 | D:3      | Reached XP level 6. HP: 37/49 MP: 8/8
  2567 | D:4      | Found Ruurr's Retail Resort.
  2596 | D:4      | Found a glowing golden altar of the Shining One.
  2624 | D:4      | Found a blossoming altar of Fedhas.
  2914 | D:4      | Found a bloodstained altar of Trog.
  3349 | D:4      | Reached skill level 1 in Shields
  3369 | D:4      | HP: 2/49 [poisoned by a worker ant]
  4100 | D:5      | Entered Level 5 of the Dungeon
  4112 | D:5      | Reached *** piety under Lugonu
  4276 | D:5      | Reached XP level 7. HP: 12/55 MP: 9/9
  4523 | D:5      | Found Ineaha's Food Shoppe.
  4737 | D:4      | Bought an uncursed amulet of regeneration for 300 gold pieces
  5201 | D:6      | Found a glowing drain.
  5221 | Sewer    | Entered a sewer
  5405 | Sewer    | Found a white marble altar of Elyvilon.
  5551 | D:6      | Gained mutation: You may emit foul miasma when damaged in melee. [demonic ancestry]
  5551 | D:6      | Reached XP level 8. HP: 48/61 MP: 10/10
  5575 | D:6      | Found an iron altar of Okawaru.
  5710 | D:6      | Found a white marble altar of Elyvilon.
  5757 | D:6      | Reached **** piety under Lugonu
  5867 | D:6      | Reached skill level 5 in Fighting
  5867 | D:6      | Reached skill level 5 in Armour
  5902 | D:6      | Learned a level 1 spell: Freeze
  5907 | D:6      | Learned a level 4 spell: Condensation Shield
  5914 | D:6      | Learned a level 2 spell: Throw Frost
  5967 | D:7      | Reached skill level 5 in Axes
  5970 | D:7      | Corrupted D:7
  5970 | D:7      | Noticed a sixfirhy
  5970 | D:7      | Noticed a raiju
  5972 | D:7      | Noticed a mana viper
  5972 | D:7      | Noticed a raiju
  5975 | D:7      | Noticed a sixfirhy
  6038 | D:7      | Noticed a freezing wraith
  6045 | D:7      | Noticed a Hell Sentinel
  6193 | D:7      | Found a staircase to the Ecumenical Temple.
  6572 | D:7      | Found Xeusch's Distillery.
  6580 | D:7      | Bought a potion of curing for 42 gold pieces
  6580 | D:7      | Bought a potion of curing for 42 gold pieces
  6622 | D:8      | Reached skill level 1 in Ice Magic
  6630 | D:8      | Noticed Maurice
  6639 | D:8      | Paralysed by Maurice for 6 turns
  6901 | D:8      | Killed Maurice
  6901 | D:8      | Reached skill level 1 in Evocations
  6901 | D:8      | Gained mutation: A demonic guardian rushes to your aid. [demonic ancestry]
  6901 | D:8      | Reached XP level 9. HP: 41/68 MP: 12/12
  7568 | D:8      | Reached skill level 6 in Armour
  7568 | D:8      | Reached skill level 5 in Invocations
  7680 | D:9      | Got a jewelled long sword
  7697 | D:9      | Found a staircase to the Orcish Mines.
  7879 | D:9      | Found an opulent altar of Gozag.
  7953 | D:9      | Found Amunuleufu's Antique Weapon Shoppe.
  7998 | D:9      | Found a deep blue altar of Sif Muna.
  8148 | D:9      | Found Baxegeq's Assorted Antiques.
  8217 | D:9      | Found Niajuz's Magic Scroll Boutique.
  8220 | D:9      | Bought a scroll of enchant armour for 82 gold pieces
  8549 | Orc:1    | Entered Level 1 of the Orcish Mines
  8553 | Orc:1    | Reached ***** piety under Lugonu
  8557 | Orc:1    | Corrupted Orc:1
  8557 | Orc:1    | Noticed a worldbinder
  8557 | Orc:1    | Noticed a giant orange brain
  8557 | Orc:1    | Noticed a large abomination
  8557 | Orc:1    | Noticed a tentacled starspawn
  8557 | Orc:1    | Noticed an ice devil
  8557 | Orc:1    | Noticed an orb spider
  8557 | Orc:1    | Noticed an ice devil
  8559 | Orc:1    | Noticed a lorocyproca
  8579 | Orc:1    | Noticed a thrashing horror
  8583 | Orc:1    | Noticed a revenant
  8625 | Orc:1    | Found a radiant altar of Vehumet.
  8915 | Orc:1    | Reached skill level 5 in Dodging
  8915 | Orc:1    | Gained mutation: You are mostly covered in iridescent scales (AC +6). [demonic ancestry]
  8915 | Orc:1    | Reached XP level 10. HP: 60/76 MP: 14/14
  9130 | Orc:2    | Noticed a cyclops
  9136 | Orc:2    | Killed a cyclops
  9136 | Orc:2    | Reached skill level 7 in Axes
  9225 | Orc:2    | Found Hecucic's Jewellery Emporium.
  9244 | Orc:2    | Noticed an orc sorcerer
  9251 | Orc:2    | Killed an orc sorcerer
  9358 | Orc:3    | Noticed SirMumm's ghost (journeyman DEWz)
  9373 | Orc:3    | Killed SirMumm's ghost
  9373 | Orc:3    | Reached skill level 5 in Shields
  9624 | Orc:3    | Noticed an orc warlord
  9646 | Orc:3    | Killed an orc warlord
  9646 | Orc:3    | Reached skill level 8 in Axes
  9714 | Orc:3    | Identified the cursed +1 long sword of a treasure trove {speed, rC+ Str+2} (You found it on level 9 of the Dungeon)
 10086 | Orc:4    | Entered Level 4 of the Orcish Mines
 10086 | Orc:4    | Noticed an orc knight
 10095 | Orc:4    | Killed an orc knight
 10095 | Orc:4    | Reached skill level 1 in Long Blades
 10102 | Orc:4    | Noticed an orc sorcerer
 10103 | Orc:4    | Gained mutation: You have a pair of antennae on your head. [demonic ancestry]
 10103 | Orc:4    | Reached XP level 11. HP: 22/83 MP: 16/16
 10106 | Orc:4    | Noticed an orc sorcerer
 10107 | Orc:4    | Noticed an orc high priest
 10107 | Orc:4    | Noticed an orc knight
 10107 | Orc:4    | Killed an orc sorcerer
 10108 | Orc:4    | Noticed an orc warlord
 10110 | Orc:4    | Found a roughly hewn altar of Beogh.
 10112 | Orc:4    | Slain by an orc knight

Action                   |  1- 3 |  4- 6 |  7- 9 | 10-12 || total
-------------------------+-------+-------+-------+-------++-------
Melee: Hand axe          |    96 |   301 |   478 |   113 ||   988
       War axe           |       |       |       |    42 ||    42
       Long sword        |       |       |       |    14 ||    14
Throw: Stone             |     3 |     9 |     5 |       ||    17
Invok: Depart the Abyss  |     1 |       |       |       ||     1
       Corrupt           |       |       |     2 |       ||     2
       Bend Space        |       |       |     1 |       ||     1
       Banish            |       |       |     1 |       ||     1
Evoke: Wand              |       |       |    12 |       ||    12
  Use: Scroll            |     6 |    10 |    11 |     2 ||    29
       Potion            |     3 |     2 |     7 |     6 ||    18
 Stab: Sleeping          |     1 |       |       |       ||     1
       Distracted        |       |       |       |     1 ||     1
  Eat: Bread ration      |       |     3 |     3 |     1 ||     7
       Beef jerky        |       |     1 |     1 |     1 ||     3
       Meat ration       |       |       |     1 |       ||     1
       Fruit             |       |       |     1 |       ||     1
